 Dungeon Crawl Stone Soup version 0.28-a0-1143-gcf6077d4cc (webtiles) character file.

Game seed: 16757326636685304617

900 smips the Basher (level 7, -1/57 HPs)
             Began as a Minotaur Berserker on Dec 14, 2021.
             Was a Priest of Trog.
             Succumbed to an orc wizard's poison
             ... on level 5 of the Dungeon.
             The game lasted 00:11:51 (4700 turns).

smips the Basher (Minotaur Berserker)               Turns: 4700, Time: 00:11:51

Health: -1/57      AC:  5    Str: 21 (24) XL:     7   Next: 79%
Magic:  6/6        EV: 11    Int:  3 (4)  God:    Trog [***...]
Gold:   104        SH:  0    Dex:  7 (9)  Spells: 6/6 levels left

rFire   . . .      SeeInvis .   a - +1 morningstar (protect)
rCold   . . .      Faith    .   (no shield)
rNeg    . . .      Spirit   .   d - +0 leather armour
rPois   .          Reflect  .   (helmet restricted)
rElec   .          Harm     .   v - scarf {+Inv}
rCorr   .          Rampage  .   h - +0 pair of gloves
Will    .....                   y - +0 pair of boots
Stlth   +.........              (no amulet)
HPRegen 0.19/turn               (no ring)
MPRegen 0.10/turn               (no ring)

@: lethally poisoned (-1 -> -6)
A: horns 2, retaliatory headbutt
a: Renounce Religion, Evoke Invisibility, Berserk, Trog's Hand


You were on level 5 of the Dungeon.
You worshipped Trog.
Trog was most pleased with you.
You visited 1 branch of the dungeon, and saw 5 of its levels.

You collected 234 gold pieces.
You spent 130 gold pieces at shops.

Inventory:

Hand Weapons
 a - a +1 morningstar of protection (weapon)
 b - a +0 hunting sling
Armour
 d - a +0 leather armour (worn)
 h - a +0 pair of gloves (worn)
 n - a +0 cloak
 v - a scarf of invisibility (worn)
 y - a +0 pair of boots (worn)
Jewellery
 f - a +6 ring of intelligence
 u - a ring of flight
Wands
 m - a wand of mindburst (11)
Scrolls
 j - a scroll of brand weapon {unknown}
 k - a scroll of summoning
 o - 2 scrolls of amnesia
 p - 3 scrolls of enchant weapon
 s - a scroll of noise {unknown}
 w - 2 scrolls of identify
 x - a scroll of enchant armour {unknown}
Potions
 c - 2 potions of attraction
 g - a potion of resistance {unknown}
 i - a potion of ambrosia {unknown}
 l - 2 potions of mutation
 q - 2 potions of degeneration
 r - a potion of haste
 z - a potion of berserk rage {unknown}


   Skills:
 - Level 3.6 Fighting
 + Level 11.2 Maces & Flails
 - Level 2.4 Armour
 - Level 2.1 Dodging


You had 6 spell levels left.
You didn't know any spells.
Your spell library was empty.

Dungeon Overview and Level Annotations

Branches:
Dungeon (5/15)             Temple (0/1) D:4

Altars:
Cheibriados
Trog

Shops:
D:4 (?:=


Innate Abilities, Weirdness & Mutations

You have a pair of horns on your head.
You reflexively headbutt those who attack you in melee.


Message History

The hound skeleton barely misses you. The orc closely misses you.
The centaur zombie hits you but does no damage.
The centaur zombie kicks you but does no damage.
The orc priest closely misses you.
Okay, then.
You are too confused!
It was a potion of degeneration.
There was something very wrong with that liquid.
You feel weakened.
You feel dopey.
You feel clumsy.
* * * LOW HITPOINT WARNING * * *
You feel extremely sick. The orc wizard barely misses you.
The iguana bites you but does no damage.
The hound skeleton bites you but does no damage.
The centaur zombie hits you.
* * * LOW HITPOINT WARNING * * *
The centaur zombie barely misses you.
The orc wizard hits you but does no damage.
You are more poisoned.
The orc barely misses you.
The orc priest hits you with a +0 flail.
* * * LOW HITPOINT WARNING * * *
It was a potion of curing.
You feel better. The hound skeleton bites you.
* * * LOW HITPOINT WARNING * * *
The iguana bites you but does no damage.
The orc wizard hits you but does no damage.
You are poisoned.
The centaur zombie hits you but does no damage.
The centaur zombie barely misses you. The orc hits you with a +0 flail.
* * * LOW HITPOINT WARNING * * *
The hound skeleton barely misses you.
The orc priest hits you with a +0 flail.
* * * LOW HITPOINT WARNING * * *
Okay, then.
As you read the scroll of fear, it crumbles to dust.
You assume a fearsome visage.
The hound skeleton is unaffected.
The orc looks frightened!
The orc wizard looks frightened!
The orc priest looks frightened!
The iguana looks frightened!
The centaur zombie is unaffected.
You die...

##.....# ###.....##
###....#...# ###.......####
########.....##..#
###.............##.##
#................#..#
#....l...........#..#
###....Z@o..........#.###
###......ooZ..........#..##
.....................##.#.
....................##...
##..................##...
#.................####..
#.................# #..
#...<....)........# ...
#...###.............## #...


You could see an iguana (summoned, fleeing), an orc priest (fleeing), an orc
wizard (fast, fleeing), an orc (fleeing), a centaur zombie (summoned) and a
hound skeleton (summoned).

Vanquished Creatures
  Sigmund (D:2)
  A sky beast (D:5)
  A necrophage (D:4)
  2 ogres
  A phantom (D:4)
  A bullfrog zombie (D:5)
  A jelly (D:5)
  An orc priest (D:4)
  2 iguanas
  An iron imp (D:3)
  An orc wizard (D:4)
  3 adders
  2 worms
  2 dart slugs (D:2)
  4 orcs (D:4)
  3 ball pythons
  7 endoplasms
  2 giant cockroaches (D:3)
  10 goblins
  7 hobgoblins
  4 jackals (D:1)
  6 quokkas
  6 bats
  5 frilled lizards
  4 kobolds
  7 rats
85 creatures vanquished.

Notes
Turn   | Place    | Note
-------+----------+-------------------------------------------
     0 | D:1      | smips the Minotaur Berserker began the quest for the Orb.
     0 | D:1      | Reached XP level 1. HP: 19/19 MP: 0/0
   128 | D:1      | Reached skill level 4 in Maces & Flails
   212 | D:1      | Reached XP level 2. HP: 26/26 MP: 1/1
   450 | D:1      | Found a faded altar of an unknown god.
   531 | D:1      | Reached ** piety under Trog
  1066 | D:2      | Reached skill level 5 in Maces & Flails
  1171 | D:2      | Reached XP level 3. HP: 31/31 MP: 2/2
  1211 | D:2      | Noticed Sigmund
  1216 | D:2      | Killed Sigmund
  1217 | D:2      | Reached skill level 7 in Maces & Flails
  1217 | D:2      | Reached XP level 4. HP: 39/39 MP: 3/3
  1217 | D:2      | Reached XP level 5. HP: 45/45 MP: 4/4
  2559 | D:3      | Reached skill level 8 in Maces & Flails
  2619 | D:3      | Found a snail-covered altar of Cheibriados.
  2650 | D:3      | Reached XP level 6. HP: 35/51 MP: 5/5
  2910 | D:3      | Found a bloodstained altar of Trog.
  3093 | D:4      | Reached *** piety under Trog
  3141 | D:4      | Found Ciant's Book Emporium.
  3297 | D:4      | Reached skill level 9 in Maces & Flails
  3458 | D:4      | Found a staircase to the Ecumenical Temple.
  3478 | D:4      | Found Abrypn's Magic Scroll Emporium.
  3486 | D:4      | Bought a scroll of identify for 22 gold pieces
  3486 | D:4      | Bought a scroll of fear for 38 gold pieces
  3486 | D:4      | Bought a scroll of identify for 22 gold pieces
  3526 | D:4      | Found Xocvas's Weapon Emporium.
  3528 | D:4      | Reached XP level 7. HP: 51/57 MP: 6/6
  3562 | D:4      | Bought a +0 dire flail for 48 gold pieces
  3604 | D:4      | Reached skill level 10 in Maces & Flails
  3780 | D:4      | Found Cintes's Jewellery Shoppe.
  4212 | D:5      | Entered Level 5 of the Dungeon
  4409 | D:5      | Reached skill level 11 in Maces & Flails
  4698 | D:5      | HP: 1/57 [orc priest (3)]
  4700 | D:5      | Succumbed to an orc wizard's poison

Illustrated notes

Levels and vault maps discovered:
D:1:      erik_arrival_orb_chamber, layout_loops_corners,
          chequers_ecumenical_altar_grove
D:2:      layout_basic, minmay_misc_feat_tiny, minmay_tromino_i4, uniq_sigmund
D:3:      layout_rooms, chei_slow_surprise, trog_book, minmay_goblin_outpost
D:4:      layout_gridville, minmay_temple_entry_offerings, serial_shops,
          nicolae_shop_trees, nicolae_shop_crystal, shop, shop,
          nicolae_zen_rock_garden, minmay_misc_feat_encased, st_stairs_14
D:5:      layout_cave_pods

Skill      XL: |  1  2  3  4  5  6  7 |
---------------+----------------------+-----
Maces & Flails | 4 5 7 8 9 11 | 11.2
Fighting       | |  3.6
Armour         | |  2.4
Dodging        | |  2.1

Action                   |  1- 3 |  4- 6 |  7- 9 || total
-------------------------+-------+-------+-------++-------
Melee: Mace              |    47 |   102 |       ||   149
       Headbutt          |     4 |    20 |    13 ||    37
       Spear             |       |     3 |       ||     3
       Morningstar       |       |       |    35 ||    35
       Dire flail        |       |       |    25 ||    25
Invok: Berserk           |     1 |     1 |     1 ||     3
  Use: Scroll            |       |     5 |     1 ||     6
       Potion            |       |       |     2 ||     2
 Stab: Sleeping          |     1 |       |       ||     1
Armor: Leather armour    |    13 |    22 |    37 ||    72
Dodge: Dodged            |    25 |    68 |    38 ||   131

Table legend: (Time is in decaauts)
 A = Elapsed time spent in this place.
 B = Non-inter-level travel time spent in this place.
 C = Inter-level travel time spent in this place.
 D = Time resting spent in this place.
 E = Time spent auto-exploring this place.
 F = Levels seen in this place.
 G = Mean time per level.
                   A        B        C        D        E       F      G
               +--------+--------+--------+--------+--------+-----+--------+
         Total |   4726 |   4528 |    198 |    365 |   3403 |   5 |  945.2 |
       Dungeon |   4726 |   4528 |    198 |    365 |   3403 |   5 |  945.2 |
               +--------+--------+--------+--------+--------+-----+--------+

Top non-repeatable levels by time:
     D:4: 1128 daAuts
     D:1: 1056 daAuts
     D:3: 1026 daAuts
     D:2: 1020 daAuts
     D:5: 494 daAuts
